 Dungeon Crawl Stone Soup version 0.29.1-2-gbd0b4ee654 (webtiles) character file.

Game seed: 7276797028970972554

1371 mester the Magician (level 8, -5/50 HPs)
             Began as a Djinni Fire Elementalist on Dec 1, 2022.
             Was a Priest of Uskayaw.
             Slain by a wight
             ... wielding a +0 mace
              (8 damage)
             ... on level 6 of the Dungeon.
             The game lasted 00:45:10 (7371 turns).

mester the Magician (Djinni Fire Elementalist)      Turns: 7371, Time: 00:45:10

Health: -5/50      AC:  2    Str:  7    XL:     8   Next: 97%
Gold:   373        EV: 13    Int: 19    God:    Uskayaw [***...] SH:  0 Dex: 14

rFire   + + .      SeeInvis .   (no weapon)
rCold   x . .      Faith    .   (no shield)
rNeg    . . .      Spirit   .   a - +0 robe
rPois   ∞          Reflect  .   (no helmet)
rElec   .          Harm     .   (no cloak)
rCorr   .          Rampage  .   (no gloves)
Will    .....                   (boots unavailable)
Stlth   +++.......              (no amulet)
HPRegen 0.16/turn               (no ring)
MPRegen 0.00/turn               (no ring)

@: about to teleport, flying
A: sickness immunity, fire resistance 2, cold vulnerability 1, float, innate
caster, HP casting, extra vitality 1
a: Renounce Religion, Stomp, Line Pass


You were on level 6 of the Dungeon.
You worshipped Uskayaw.
Uskayaw was noncommittal.
You visited 2 branches of the dungeon, and saw 7 of its levels.

You collected 373 gold pieces.

Inventory:

Missiles
 u - 3 throwing nets
Armour
 a - a +0 robe (worn)
Wands
 s - a wand of mindburst (11)
 t - a wand of charming (7)
Scrolls
 c - a scroll of identify
 e - 2 scrolls of vulnerability
 f - a scroll of blinking {unknown}
 i - a scroll of fear {unknown}
 k - 2 scrolls of poison
 m - a scroll of enchant weapon {unknown}
 n - a scroll of acquirement {unknown}
 v - a scroll of torment {unknown}
Potions
 b - 4 potions of curing
 d - a potion of cancellation {unknown}
 h - a potion of lignification {unknown}
 j - 3 potions of attraction
 l - 2 potions of berserk rage
 o - 2 potions of degeneration
 p - a potion of flight {unknown}
 r - a potion of haste {unknown}


   Skills:
 + Level 0.2 Fighting
 + Level 3.1 Dodging
 + Level 4.3 Stealth
 + Level 0.1 Unarmed Combat
 + Level 7.3 Spellcasting
 + Level 0.2 Evocations


You had 3 spell levels left.
You knew the following spells:

 Your Spells              Type           Power      Damage    Failure   Level
a - Foxfire               Conj/Fire      100%       2x1d9     1%          1
b - Scorch                Fire           70%        2d8       1%          2
c - Conjure Flame         Conj/Fire      35%        6-21      1%          3
d - Inner Flame           Hex/Fire       35%        N/A       1%          3
e - Flame Wave            Conj/Fire      35%        2d10      4%          4
f - Sting                 Tmut/Pois      100%       1d8       1%          1
g - Wereblood             Tmut           35%        N/A       1%          2
h - Searing Ray           Conj           70%        2d7       1%          2
Your spell library was empty.

Dungeon Overview and Level Annotations

Branches:
Dungeon (6/15)             Temple (1/1) D:4

Altars:
Ashenzari
Fedhas
Hepliaklqana
Makhleb
Ru
Uskayaw
Xom
Yredelemnul
The Shining One


Innate Abilities, Weirdness & Mutations

You are immune to sickness and miasma.
You are immune to poison.
Your flesh is very heat resistant. (rF++)
You are vulnerable to cold. (rC-)
You float through the air rather than walking.
You learn spells naturally, not from books.
Your magical power is your life essence.
You have superior vitality. (+4 MHP)


Message History

* * * LOW HITPOINT WARNING * * *
The wight misses you. The wight closely misses you.
Casting: Scorch (safe; 1% risk of failure)
Confirm with . or Enter, or press ? or * to list all spells.
Flames lash the wight.
The wight is burned terribly!
You destroy the wight!
* * * LOW HITPOINT WARNING * * *
The wight barely misses you.
Uskayaw will force your foes to helplessly watch your dance.
Uskayaw prepares the audience for your solo!
You stomp with the beat, sending a shockwave through the revellers around you!
The wight is almost destroyed.
The wight is moderately damaged.
The wight is no longer paralysed. x3; The wight hits you with a +2 halberd!
* * * LOW HITPOINT WARNING * * *
The wight closely misses you.
Unknown command.
Unknown command.
Casting: Scorch (safe; 1% risk of failure)
Confirm with . or Enter, or press ? or * to list all spells.
You don't have enough health to cast this spell.
You feel much better.
The orc is no longer paralysed.
The wight closely misses you. x2
Casting: Scorch (safe; 1% risk of failure)
Confirm with . or Enter, or press ? or * to list all spells.
Flames lash the wight.
The wight is severely damaged.
The wight's fire resistance burns away.
The wight hits you with a +0 dire flail!
* * * LOW HITPOINT WARNING * * *
Uskayaw will force your foes to helplessly watch your dance.
You stomp with the beat, sending a shockwave through the revellers around you!
You destroy the wight!
The wight is almost destroyed.
The wight completely misses you.
Uskayaw will force your foes to helplessly watch your dance.
As you read the scroll of teleportation, it crumbles to dust.
You feel strangely unstable. The orc barely misses you.
The wight hits you with a +0 mace!
You die...

#..# #..#
##..#
####...##
##.......##
..........#
..........##
.......z...##
....).z@)...#
.....o.##...##
.......
###..###
.......
##...##
.......
###÷.##
.......
##..###
#....##
##...## ##.##
##...##
###..###


You could see 2 wights and an orc.

Vanquished Creatures
  An ogre (D:4)
  A bullfrog (D:6)
  2 gnoll sergeants
  3 scorpions
  3 wights (D:6)
  A howler monkey (D:6)
  6 hounds
  5 jellies
  7 iguanas
  An orc wizard (D:5)
  7 gnolls
  2 adders (D:2)
  2 shadow imps (D:5)
  2 white imps
  3 worms
  4 orcs
  4 ball pythons
  5 endoplasms
  3 giant cockroaches
  6 goblins
  5 hobgoblins
  10 jackals
  4 kobolds
  2 quokkas
  5 bats
  3 frilled lizards
  3 rats
100 creatures vanquished.

Vanquished Creatures (others)
  430 foxfires
  A fungus (D:1)
  4 toadstools (D:3)
435 creatures vanquished.

Grand Total: 535 creatures vanquished

Notes
Turn   | Place    | Note
-------+----------+-------------------------------------------
     0 | D:1      | mester the Djinni Fire Elementalist began the quest for the
                  | Orb.
     0 | D:1      | mester set off with the following spells memorised:
                  | Foxfire, Scorch, Conjure Flame, Inner Flame, Flame Wave.
     0 | D:1      | Reached XP level 1. HP: 15/15 MP: 0/0
   299 | D:1      | Reached XP level 2. HP: 12/21 MP: 0/0
   908 | D:1      | You are sucked into a shaft and drop 1 floor!
   917 | D:2      | Reached XP level 3. HP: 22/25 MP: 0/0
   917 | D:2      | Learned a level 1 spell: Sting
  1052 | D:2      | Reached skill level 3 in Spellcasting
  1068 | D:2      | Reached XP level 4. HP: 9/31 MP: 0/0
  1483 | D:1      | Found a faded altar of an unknown god.
  2135 | D:3      | Found a blossoming altar of Fedhas.
  2967 | D:4      | Found a staircase to the Ecumenical Temple.
  2982 | D:4      | Reached XP level 5. HP: 14/35 MP: 0/0
  2982 | D:4      | Learned a level 2 spell: Wereblood
  3191 | Temple   | Entered the Ecumenical Temple
  3245 | Temple   | Became a worshipper of Uskayaw the Reveller
  3402 | D:4      | Reached * piety under Uskayaw
  3406 | D:4      | Reached ** piety under Uskayaw
  3407 | D:4      | Reached skill level 4 in Spellcasting
  3542 | D:4      | Noticed an ogre
  3548 | D:4      | Killed an ogre
  3549 | D:4      | Reached XP level 6. HP: 31/40 MP: 0/0
  4171 | D:5      | Entered Level 5 of the Dungeon
  4187 | D:5      | Reached XP level 7. HP: 34/45 MP: 0/0
  4187 | D:5      | Learned a level 2 spell: Searing Ray
  4512 | D:5      | Reached skill level 5 in Spellcasting
  5067 | D:5      | Reached *** piety under Uskayaw
  5967 | D:5      | Reached XP level 8. HP: 44/50 MP: 0/0
  6355 | D:6      | Reached skill level 6 in Spellcasting
  6388 | D:6      | Reached **** piety under Uskayaw
  6391 | D:6      | Reached ***** piety under Uskayaw
  7051 | D:6      | Reached skill level 7 in Spellcasting
  7367 | D:6      | HP: 2/50 [wight/+2 halberd (8)]
  7371 | D:6      | Slain by a wight

Illustrated notes

Levels and vault maps discovered:
D:1:      lemuel_arrival_tunnels, layout_basic, serial_corexii_hall,
          chequers_hall_statues_corner_a, corexii_hall_statues_l,
          shapermc_ecumenical_altar_mp_urbaneastern, grunt_decor_junction
D:2:      layout_rooms
D:3:      layout_rooms, mainiacjoe_overflow_paths, nrook_campfire,
          minmay_gold_behind_fungi, hex_medium, minmay_misc_feat_encased,
          columned_hall_lemuel
D:4:      layout_basic, minmay_temple_entry_stoned_glass
D:5:      layout_loops_ring
D:6:      layout_cave_pods, minitemple, serial_shops, nicolae_diamond_shop
Temple:   hellmonk_temple_forest_ring

Skill      XL: |  1  2  3  4  5  6  7  8 |
---------------+-------------------------+-----
Stealth        | 2 3 4 |  4.3
Spellcasting   | 3 4 5 7 |  7.3
Dodging        | 3 |  3.1
Fighting       | |  0.2
Unarmed Combat | |  0.1
Evocations     | |  0.2

Action                   |  1- 3 |  4- 6 |  7- 9 || total
-------------------------+-------+-------+-------++-------
Melee: Unarmed           |       |    11 |       ||    11
       Punch             |       |     1 |       ||     1
 Cast: Foxfire           |    56 |   107 |   100 ||   263
       Flame Wave        |       |     1 |       ||     1
       Scorch            |       |       |     9 ||     9
       Inner Flame       |       |       |     4 ||     4
       Conjure Flame     |       |       |     2 ||     2
       Wereblood         |       |       |     1 ||     1
Invok: Stomp             |       |     4 |     4 ||     8
Evoke: Wand              |       |       |     2 ||     2
  Use: Scroll            |     1 |       |     9 ||    10
       Potion            |       |     1 |     1 ||     2
Armor: Robe              |     5 |     3 |     3 ||    11
Dodge: Dodged            |    16 |    17 |    20 ||    53
